[Event "Team 45 45 League T96"]
[Site "Internet Chess Club"]
[Date "2023.05.13"]
[Round "1"]
[White "Alec-hine"]
[Black "Portola"]
[Result "1-0"]
[WhiteElo "1866"]
[BlackElo "1774"]
[Opening "QGD: Orthodox defense, Botvinnik variation"]
[ECO "D60"]
[Time "15:00:25"]
[PlyCount "83"]
[TimeControl "2700+45"]

1. d4 d5 2. c4 e6 3. Nf3 Nf6 4. Nc3 Be7 5. Bg5 Nbd7 6. e3 O-O 7. Bd3 c6 8. O-O
b6 9. Qe2 Bb7 10. Rac1 Rc8 11. cxd5 exd5 12. Rfd1 Re8 13. h3 Nh5 14. Bxe7 Qxe7
15. a3 b5 16. Nd2 g6 17. Nb3 Qg5 18. Qg4 Qxg4 19. hxg4 Nhf6 20. g5 Ne4 21. Bxe4
dxe4 22. Na2 Ba8 23. Nb4 Red8 24. Na5 Nb8 25. Rc5 Rd6 26. Rdc1 a6 27. Nd5 Kg7
28. Nb6 Rcd8 29. Nxa8 Nd7 30. Nc7 Nxc5 31. Rxc5 R6d7 32. Rxc6 Kg8 33. Nxa6 Ra8
34. b4 Kg7 35. Nc5 Re7 36. d5 Re5 37. d6 Rd5 38. d7 Rd1+ 39. Kh2 Rh8 40. Rc8 Rf8
41. Rxf8 Kxf8 42. Nc6 {Black resigns} 1-0

[Event "Team 45 45 League T96"]
[Site "Internet Chess Club"]
[Date "2023.05.14"]
[Round "1"]
[White "ElValero"]
[Black "timcent"]
[Result "0-1"]
[WhiteElo "1672"]
[BlackElo "1868"]
[Opening "Bogo-Indian defense, Grünfeld variation"]
[ECO "E11"]
[Time "10:00:33"]
[PlyCount "113"]
[TimeControl "2700+45"]

1. d4 Nf6 2. c4 e6 3. Nf3 Bb4+ 4. Nbd2 O-O 5. g3 d5 6. Bg2 Ne4 7. O-O f5 8. a3
Be7 9. Ne5 c6 10. c5 Nd7 11. Ndf3 Bf6 12. b4 g5 13. Nxd7 Bxd7 14. Ne5 Nc3 15.
Qd3 Nb5 16. a4 Nc7 17. Ba3 Bxe5 18. dxe5 Rf7 19. Rab1 a6 20. e3 Rg7 21. Rfd1 Qe8
22. f4 g4 23. Kf2 Qg6 24. Rh1 h5 25. Rbg1 Be8 26. Bf1 Qh7 27. h3 Bg6 28. Qd4 Kf7
29. Be2 Qg8 30. Bb2 Qe8 31. Bc3 Qe7 32. Ra1 Rh7 33. h4 Rhh8 34. b5 axb5 35. axb5
Nxb5 36. Bxb5 cxb5 37. Qb4 Qd7 38. Rhb1 Rxa1 39. Rxa1 Kg7 40. Ra5 Be8 41. Ra7
Qc7 42. Qa3 Bc6 43. Ba5 Qd7 44. Qd3 Rc8 45. Bb6 Qe8 46. Qa3 d4 47. exd4 Bh1 48.
c6 Bxc6 49. Qd6 Bd5 50. Bc5 Rd8 51. Qc7+ Qd7 52. Qa5 Bc4 53. Ra8 Qd5 54. Ke3 Rd7
55. Qa7 Qg2 56. d5 Qe2+ 57. Kd4 {White resigns} 0-1

[Event "Team 45 45 League T96"]
[Site "Internet Chess Club"]
[Date "2023.05.13"]
[Round "1"]
[White "burlap"]
[Black "seattleblues"]
[Result "0-1"]
[WhiteElo "1294"]
[BlackElo "1302"]
[Opening "Queen's pawn: London system"]
[ECO "A45"]
[Time "21:06:19"]
[PlyCount "92"]
[TimeControl "2700+45"]

1. d4 Nf6 2. Bf4 g6 3. e3 Bg7 4. Nd2 O-O 5. Be2 d6 6. Ngf3 b6 7. O-O Bb7 8. c3
Nbd7 9. Qc2 Re8 10. Rfe1 Nh5 11. Bg5 h6 12. Bh4 Qc8 13. e4 Nf4 14. Bg3 Nxe2+ 15.
Rxe2 e5 16. dxe5 dxe5 17. Rae1 Ba6 18. Re3 Qb7 19. c4 Re6 20. b3 Rae8 21. b4 Qc8
22. b5 Bb7 23. a4 a5 24. bxa6 Bxa6 25. Nb3 Rc6 26. Nfd2 Nf6 27. c5 Bf8 28. Nf3
Nd7 29. Qc3 Nxc5 30. Bxe5 Ree6 31. Nxc5 Rxc5 32. Qb2 Rexe5 33. Nxe5 Bg7 34. f4
Qe8 35. Qa2 Bc8 36. Nd3 Rc3 37. e5 Be6 38. Qf2 Bf8 39. Nb2 Bc5 40. Rxc3 Bxf2+
41. Kxf2 Qd7 42. Rd1 Qe7 43. Rdc1 Qh4+ 44. Kg1 Qxf4 45. Rxc7 Qd4+ 46. Kh1 Qxb2
{White resigns} 0-1

[Event "Team 45 45 League T96"]
[Site "Internet Chess Club"]
[Date "2023.05.14"]
[Round "1"]
[White "Goli"]
[Black "Packerfan"]
[Result "1-0"]
[WhiteElo "1802"]
[BlackElo "1681"]
[Opening "Ruy Lopez: Schliemann defense"]
[ECO "C63"]
[Time "16:15:20"]
[PlyCount "47"]
[TimeControl "2700+45"]

1. e4 e5 2. Nf3 Nc6 3. Bb5 f5 4. Bxc6 dxc6 5. exf5 e4 6. Qe2 Bxf5 7. d3 Qe7 8.
dxe4 Qxe4 9. Nd4 Qxe2+ 10. Kxe2 Bd7 11. Re1 O-O-O 12. Kf1 Bd6 13. Bg5 Rf8 14. h3
h6 15. Be3 Nf6 16. Nd2 Nd5 17. Nc4 Nxe3+ 18. Rxe3 Re8 19. Nxd6+ cxd6 20. Rae1
Rxe3 21. Rxe3 Re8 22. Rxe8+ Bxe8 23. Nf5 Bg6 24. Ne7+ {Black resigns} 1-0

[Event "Team 45 45 League T96"]
[Site "Internet Chess Club"]
[Date "2023.05.14"]
[Round "1"]
[White "ivanson"]
[Black "fhunfi"]
[Result "1/2-1/2"]
[WhiteElo "1576"]
[BlackElo "1706"]
[Opening "French: Tarrasch, closed variation, main line"]
[ECO "C06"]
[Time "18:00:21"]
[PlyCount "62"]
[TimeControl "2700+45"]

1. e4 e6 2. d4 d5 3. Nd2 Nf6 4. e5 Nfd7 5. Bd3 c5 6. c3 Nc6 7. Ne2 cxd4 8. cxd4
f6 9. exf6 Nxf6 10. O-O Bd6 11. Nf3 Qc7 12. Bg5 O-O 13. Bh4 Nh5 14. Bg3 Nxg3 15.
hxg3 Rf6 16. Rc1 Qe7 17. Nc3 Bd7 18. Re1 Qf8 19. Bb1 g6 20. Rc2 Qg7 21. Rce2 h6
22. Nb5 Bb8 23. Nc3 Bd6 24. Nh2 h5 25. Nf3 Qh6 26. a3 Raf8 27. Qd3 Kg7 28. Nb5
Bb8 29. Nc3 Bd6 30. Nb5 Bb8 31. Nc3 Bd6 {Game drawn by repetition} 1/2-1/2

[Event "Team 45 45 League T96"]
[Site "Internet Chess Club"]
[Date "2023.05.10"]
[Round "1"]
[White "tightfist"]
[Black "ChessMaine"]
[Result "1-0"]
[WhiteElo "1424"]
[BlackElo "1475"]
[Opening "English opening: Agincourt variation"]
[ECO "A13"]
[Time "18:32:22"]
[PlyCount "39"]
[TimeControl "2700+45"]

1. Nf3 d5 2. c4 e6 3. e3 Nf6 4. d4 Be7 5. cxd5 exd5 6. Bd3 O-O 7. O-O Nbd7 8.
Nc3 c5 9. b3 cxd4 10. Nxd4 Nc5 11. Bc2 Bg4 12. f3 Bd7 13. Bb2 Rc8 14. b4 Ne6 15.
a3 Nxd4 16. Qxd4 b6 17. Bb3 Be6 18. Rad1 Re8 19. Nxd5 Nxd5 20. Qxg7# {Black
checkmated} 1-0

[Event "Team 45 45 League T96"]
[Site "Internet Chess Club"]
[Date "2023.05.16"]
[Round "1"]
[White "Beetlejuice"]
[Black "MichaelIC"]
[Result "0-1"]
[WhiteElo "1694"]
[BlackElo "2037"]
[Opening "QGD: exchange, positional line, 5...c6"]
[ECO "D35"]
[Time "14:00:47"]
[PlyCount "86"]
[TimeControl "2700+45"]

1. c4 Nf6 2. Nc3 e6 3. d4 d5 4. cxd5 exd5 5. Bg5 c6 6. e3 Bd6 7. Bd3 O-O 8. Qc2
h6 9. Bxf6 Qxf6 10. Nge2 Re8 11. O-O Nd7 12. Rab1 Qh4 13. Ng3 Nf6 14. Nce2 Ng4
15. h3 Nxe3 16. fxe3 Bxg3 17. Rxf7 Bxh3 18. Rf3 Bg4 19. Rxg3 Bxe2 20. Rh3 Bxd3
21. Qxd3 Qg5 22. Rf1 Re4 23. Rff3 Rg4 24. Rf2 Re8 25. Rhf3 Rge4 26. Re2 Rh4 27.
Rf5 Qg3 28. Rf3 Qh2+ 29. Kf2 Rg4 30. Ke1 Rxg2 31. Rxg2 Qxg2 32. Qf5 Re4 33. Qf8+
Kh7 34. Qf5+ Qg6 35. Qh3 Rg4 36. b4 Qb1+ 37. Kd2 Qxa2+ 38. Kc3 Qc4+ 39. Kd2
Qxb4+ 40. Kc2 Qc4+ 41. Kd2 Qa2+ 42. Kc1 Rg1+ 43. Rf1 Rxf1+ {White resigns} 0-1

[Event "Team 45 45 League T96"]
[Site "Internet Chess Club"]
[Date "2023.05.14"]
[Round "1"]
[White "discipulo"]
[Black "DaveTheRook"]
[Result "1-0"]
[WhiteElo "1739"]
[BlackElo "1416"]
[Opening "English, 1...Nf6 (Anglo-Indian defense)"]
[ECO "A15"]
[Time "14:00:35"]
[PlyCount "165"]
[TimeControl "2700+45"]

1. c4 Nf6 2. g3 g6 3. Bg2 Bg7 4. Nc3 c6 5. e4 d6 6. Nge2 O-O 7. O-O e5 8. d3
Nbd7 9. h3 Re8 10. Be3 Nc5 11. b4 Ne6 12. Qd2 Bd7 13. Rab1 Qe7 14. b5 c5 15. a4
Qf8 16. f4 exf4 17. Nxf4 Rab8 18. Ncd5 Nxf4 19. Nxf6+ Bxf6 20. Bxf4 Bd4+ 21. Kh2
Be5 22. Bh6 Qe7 23. Bg5 Qf8 24. Rf3 Be6 25. Rbf1 b6 26. a5 Rbc8 27. Bf6 Bxf6 28.
Rxf6 Qg7 29. h4 Rcd8 30. R6f2 Rf8 31. Bh3 Bxh3 32. Kxh3 Ra8 33. Rf6 Rad8 34. a6
h5 35. Qf4 Rd7 36. Rxd6 Rfd8 37. Rxd7 Rxd7 38. Rf3 Qa1 39. Rf1 Qd4 40. Qf3 Qxd3
41. Qxd3 Rxd3 42. Rf6 Rd4 43. Rc6 Rd7 44. Rc8+ Kg7 45. Rb8 Kf6 46. Rb7 Ke6 47.
Kg2 f6 48. Kf3 Kd6 49. Rb8 Ke5 50. Re8+ Kd4 51. Rf8 Kxc4 52. Rxf6 Kxb5 53. Rxg6
c4 54. Rg8 Rc7 55. Ke2 c3 56. Kd1 Kxa6 57. e5 Rc6 58. Rf8 Kb5 59. Rf6 Rc8 60. e6
Rd8+ 61. Kc2 Kb4 62. e7 Rd2+ 63. Kc1 Re2 64. Rf5 Kb3 65. Rb5+ Kc4 66. Rxh5 Rxe7
67. g4 Re1+ 68. Kc2 b5 69. Rh8 a5 70. Rc8+ Kb4 71. Rxc3 Re4 72. Rg3 a4 73. h5 a3
74. h6 Re2+ 75. Kb1 Rh2 76. g5 a2+ 77. Ka1 Ka4 78. g6 b4 79. g7 b3 80. g8=Q Rh1+
81. Rg1 b2+ 82. Kxb2 Rh2+ 83. Rg2 {Black resigns} 1-0

[Event "Team 45 45 League T96"]
[Site "Internet Chess Club"]
[Date "2023.05.13"]
[Round "1"]
[White "MrAbendroth"]
[Black "ElValero"]
[Result "1-0"]
[WhiteElo "1667"]
[BlackElo "1680"]
[Opening "Lengfellner system"]
[ECO "C01"]
[Time "10:00:11"]
[PlyCount "60"]
[TimeControl "2700+45"]

1. e4 e6 2. d4 d6 3. Nf3 d5 4. Nc3 dxe4 5. Nxe4 Nd7 6. Bd3 Ngf6 7. Bg5 Be7 8.
Nxf6+ Bxf6 9. Bxf6 Nxf6 10. O-O O-O 11. Re1 b6 12. Qe2 Bb7 13. Rad1 Qd5 14. b3
Rad8 15. Qd2 Kh8 16. Re5 Qd6 17. c3 Bxf3 18. gxf3 c5 19. Rg5 cxd4 20. Rxg7 Rg8
21. Rxg8+ Rxg8+ 22. Kh1 dxc3 23. Qe3 Nd5 24. Qh6 Rg7 25. Bc2 Qf8 26. Qh4 f6 27.
Qe4 Re7 28. Rg1 f5 29. Qe5+ Qf6 30. Qb8+ Re8 {Black resigns} 1-0

[Event "Team 45 45 League T96"]
[Site "Internet Chess Club"]
[Date "2023.05.13"]
[Round "1"]
[White "julesraider"]
[Black "LoseOften"]
[Result "0-1"]
[WhiteElo "1568"]
[BlackElo "1653"]
[Opening "Nimzo-Indian: classical variation"]
[ECO "E32"]
[Time "13:00:12"]
[PlyCount "74"]
[TimeControl "2700+45"]

1. d4 Nf6 2. c4 e6 3. Nc3 Bb4 4. Qc2 O-O 5. a3 Be7 6. Nf3 b6 7. e4 Bb7 8. Be2 d6
9. e5 Nfd7 10. Bf4 f6 11. Qd2 Nc6 12. h4 fxe5 13. Bg5 Nf6 14. dxe5 dxe5 15. Bxf6
Bxf6 16. Qe3 Nd4 17. O-O-O c5 18. g4 Nxe2+ 19. Qxe2 Qe8 20. g5 Bxf3 21. Qe3 Be7
22. Rdg1 Bxh1 23. Rxh1 Qc6 24. Rh3 Rf5 25. Ne4 Rd8 26. h5 Rd4 27. Nf6+ gxf6 28.
gxf6 Bxf6 29. Rg3+ Kh8 30. f3 Rxc4+ 31. Kb1 Rcf4 32. Qg1 Qe8 33. h6 Rxf3 34. Ka2
Rxg3 35. Qxg3 Rg5 36. Qf3 Qd8 37. Qe4 Qd5+ {White resigns} 0-1

[Event "Team 45 45 League T96"]
[Site "Internet Chess Club"]
[Date "2023.05.11"]
[Round "1"]
[White "Rookmaster"]
[Black "julesraider"]
[Result "1-0"]
[WhiteElo "1604"]
[BlackElo "1581"]
[Opening "Caro-Kann: classical variation"]
[ECO "B18"]
[Time "21:00:11"]
[PlyCount "109"]
[TimeControl "2700+45"]

1. e4 c6 2. d4 d5 3. Nc3 dxe4 4. Nxe4 Bf5 5. Ng3 Bg6 6. N1e2 h6 7. h4 Nf6 8. Nf4
Bh7 9. Bd3 Bxd3 10. Qxd3 e6 11. Bd2 Nbd7 12. O-O-O Be7 13. Rhe1 O-O 14. Nxe6
fxe6 15. Rxe6 Nc5 16. dxc5 Qxd3 17. cxd3 Bxc5 18. Be3 Bb4 19. a3 Ba5 20. Re7 Nd5
21. Rxb7 Nxe3 22. fxe3 Bb6 23. d4 Rf2 24. Rd2 Rf6 25. Nh5 Rf1+ 26. Rd1 Rf7 27.
Rxf7 Kxf7 28. Rf1+ Kg8 29. Kc2 Rd8 30. b4 a5 31. Ng3 Re8 32. Kd3 axb4 33. axb4
Bc7 34. Ne2 Bd6 35. Rc1 Bxb4 36. Rxc6 Be1 37. h5 Kf7 38. e4 Ra8 39. e5 Ra3+ 40.
Ke4 Bd2 41. Kd5 Re3 42. Rc7+ Kf8 43. Ke6 g5 44. Kf6 Ke8 45. e6 Kd8 46. Ra7 Rxe2
47. e7+ Ke8 48. Ra8+ Kd7 49. Rd8+ Kc7 50. e8=Q Rf2+ 51. Kg6 g4 52. Qd7+ Kb6 53.
Rb8+ Ka6 54. Qb5+ Ka7 55. Qb6# {Black checkmated} 1-0

[Event "Team 45 45 League T96"]
[Site "Internet Chess Club"]
[Date "2023.05.14"]
[Round "1"]
[White "mongmong"]
[Black "CMAlge"]
[Result "1-0"]
[WhiteElo "1494"]
[BlackElo "1394"]
[Opening "King's Indian: fianchetto, classical variation, 8.e4"]
[ECO "E68"]
[Time "10:01:58"]
[PlyCount "93"]
[TimeControl "2700+45"]

1. d4 Nf6 2. Nf3 g6 3. c4 Bg7 4. g3 O-O 5. Bg2 d6 6. O-O Nbd7 7. Nc3 e5 8. e4 a6
9. h3 c6 10. Be3 Qe7 11. Qc2 Kh8 12. Rfe1 Ng8 13. dxe5 Nxe5 14. Nxe5 dxe5 15.
Rad1 f5 16. Qc1 Be6 17. b3 Rf7 18. Rd3 Raf8 19. Red1 f4 20. Bb6 Bh6 21. Qc2 f3
22. Bf1 Rf4 23. Be3 Rh4 24. gxh4 Qxh4 25. Kh2 Bf4+ 26. Bxf4 Qxf4+ 27. Kh1 Qg5
28. Qd2 Qh4 29. Kh2 Rf4 30. Rd8 Rg4 31. Rxg8+ Bxg8 32. Qe3 Rf4 33. Rd2 g5 34.
Qd3 g4 35. Qd8 Qh6 36. h4 g3+ 37. fxg3 Rg4 38. Bh3 Qxd2+ 39. Qxd2 Rg7 40. g4 Rf7
41. Qf2 Rd7 42. Qxf3 Rf7 43. Qe3 Rf4 44. Ne2 Rf7 45. g5 Rg7 46. Ng3 a5 47. Nf5
{Black resigns} 1-0

[Event "Team 45 45 League T96"]
[Site "Internet Chess Club"]
[Date "2023.05.13"]
[Round "1"]
[White "BlueStorm"]
[Black "Gilguli"]
[Result "1/2-1/2"]
[WhiteElo "1547"]
[BlackElo "1427"]
[Opening "Queen's pawn, Mason variation"]
[ECO "D00"]
[Time "08:00:28"]
[PlyCount "83"]
[TimeControl "2700+45"]

1. d4 d5 2. Bf4 e6 3. e3 Nf6 4. Nd2 c6 5. Ngf3 Bd6 6. Ne5 O-O 7. c4 Bb4 8. a3
Bxd2+ 9. Qxd2 dxc4 10. Bxc4 b5 11. Bd3 Bb7 12. O-O Qd5 13. f3 Nbd7 14. Rac1 Nxe5
15. Bxe5 Nd7 16. e4 Qb3 17. Rc3 Qa4 18. Bg3 Qxd4+ 19. Bf2 Qd6 20. Qc2 e5 21. Rd1
Qe7 22. Be2 Rfd8 23. Rcd3 Nb6 24. Bxb6 Rxd3 25. Qxd3 axb6 26. g3 h6 27. Kg2 Kf8
28. Qd7 Qxd7 29. Rxd7 Rb8 30. Bd1 Ke8 31. Rc7 c5 32. a4 Rd8 33. Be2 Bc8 34.
Bxb5+ Kf8 35. g4 Rd2+ 36. Kg3 Be6 37. Rc6 Rxb2 38. Rxb6 c4 39. Rc6 Bd7 40. Rxc4
Bxb5 41. axb5 Rxb5 42. Rc7 {Game drawn by mutual agreement} 1/2-1/2

[Event "Team 45 45 League T96"]
[Site "Internet Chess Club"]
[Date "2023.05.12"]
[Round "1"]
[White "Lawkeito"]
[Black "AlWynJones"]
[Result "1-0"]
[WhiteElo "1713"]
[BlackElo "1460"]
[Opening "King's Indian: Gligoric-Taimanov system"]
[ECO "E92"]
[Time "12:07:21"]
[PlyCount "93"]
[TimeControl "2700+45"]

1. d4 Nf6 2. c4 g6 3. Nc3 Bg7 4. e4 d6 5. Nf3 O-O 6. Be2 e5 7. Be3 exd4 8. Nxd4
Nc6 9. O-O Ng4 10. Bxg4 Bxg4 11. f3 Bd7 12. Qd2 Qf6 13. Rad1 h6 14. Nxc6 bxc6
15. Bxh6 Qh4 16. Bxg7 Kxg7 17. Qd4+ f6 18. g3 Qh5 19. c5 Rh8 20. Rf2 Be6 21.
cxd6 Rad8 22. Qxa7 Rd7 23. dxc7 Rxd1+ 24. Nxd1 Rc8 25. b4 Qe5 26. Qc5 Qxc7 27.
Rc2 Qd7 28. Ne3 Bh3 29. a4 f5 30. Qe5+ Kh7 31. exf5 gxf5 32. Qc3 f4 33. Nf1 Qa7+
34. Qc5 Qxa4 35. Qh5+ Kg7 36. Qxh3 Qxc2 37. Qxc8 Qc3 38. Qg4+ Kh7 39. Qxf4 c5
40. bxc5 Qxc5+ 41. Qe3 Qc2 42. h4 Kg7 43. h5 Qc7 44. h6+ Kh7 45. g4 Kh8 46. g5
Qc6 47. Qe5+ {Black resigns} 1-0

[Event "Team 45 45 League T96"]
[Site "Internet Chess Club"]
[Date "2023.05.13"]
[Round "1"]
[White "fireball"]
[Black "manfredo"]
[Result "1/2-1/2"]
[WhiteElo "1483"]
[BlackElo "1532"]
[Opening "Ruy Lopez: open, 8...Be6"]
[ECO "C80"]
[Time "14:01:19"]
[PlyCount "64"]
[TimeControl "2700+45"]

1. e4 e5 2. Nf3 Nc6 3. Bb5 a6 4. Ba4 Nf6 5. O-O Nxe4 6. d4 b5 7. Bb3 d5 8. dxe5
Be6 9. Be3 Be7 10. c3 Nc5 11. Bxc5 Bxc5 12. a4 Na5 13. Ba2 Bb6 14. Nd4 O-O 15.
axb5 Bxd4 16. Qxd4 axb5 17. Nd2 Qe7 18. f4 c5 19. Qf2 f5 20. Nb3 Nxb3 21. Bxb3
c4 22. Bc2 b4 23. Rxa8 Rxa8 24. Rb1 b3 25. Bd1 Qc7 26. Qd2 Qc5+ 27. Qf2 Qxf2+
28. Kxf2 Kf7 29. Ke3 h6 30. h4 Kg6 31. Kd4 Ra5 32. Bf3 Kf7 {Game drawn by mutual
agreement} 1/2-1/2

[Event "Team 45 45 League T96"]
[Site "Internet Chess Club"]
[Date "2023.05.16"]
[Round "1"]
[White "fvafier"]
[Black "vollmerj"]
[Result "1/2-1/2"]
[WhiteElo "1548"]
[BlackElo "1503"]
[Opening "King's Indian, 3.Nf3"]
[ECO "E60"]
[Time "17:00:12"]
[PlyCount "96"]
[TimeControl "2700+45"]

1. d4 Nf6 2. Nf3 g6 3. c4 Bg7 4. Bg5 c5 5. d5 O-O 6. Nc3 d6 7. e4 Bg4 8. Be2
Nbd7 9. h3 Bxf3 10. Bxf3 Ne5 11. Be2 a6 12. f4 Ned7 13. O-O Nh5 14. Bxh5 gxh5
15. Qxh5 Nf6 16. Qf3 Qb6 17. Rab1 Qb4 18. b3 Nd7 19. Ne2 Nf6 20. e5 dxe5 21.
fxe5 Nd7 22. Bxe7 Nxe5 23. Qg3 Rfe8 24. d6 Ng6 25. Qf3 Nxe7 26. Qxf7+ Kh8 27.
dxe7 Qd2 28. Qe6 Qg5 29. Rf7 Qg6 30. Qxg6 hxg6 31. Rbf1 Rac8 32. Nf4 g5 33. Nd5
Kg8 34. R1f5 b5 35. cxb5 axb5 36. Kf1 c4 37. bxc4 bxc4 38. Ne3 c3 39. Nc2 Rc7
40. Ke2 Rcxe7+ 41. Rxe7 Rxe7+ 42. Kd3 Ra7 43. a3 g4 44. hxg4 Ra4 45. g5 Rg4 46.
Ne3 Rd4+ 47. Kc2 Rd2+ 48. Kb3 Rb2+ {Game drawn by mutual agreement} 1/2-1/2

[Event "Team 45 45 League T96"]
[Site "Internet Chess Club"]
[Date "2023.05.13"]
[Round "1"]
[White "ChessG2011"]
[Black "Denis240964"]
[Result "1-0"]
[WhiteElo "1431"]
[BlackElo "1303"]
[Opening "Giuoco Pianissimo"]
[ECO "C23"]
[Time "18:00:31"]
[PlyCount "111"]
[TimeControl "2700+45"]

1. e4 e5 2. Bc4 Bc5 3. d3 Nc6 4. Nf3 Nf6 5. Bg5 d6 6. h3 O-O 7. Nc3 Be6 8. Nd5
Bxd5 9. Bxd5 Nd4 10. Nxd4 Bxd4 11. c3 Bc5 12. Qf3 c6 13. Bb3 h6 14. Bxf6 Qxf6
15. Qxf6 gxf6 16. Ke2 Rad8 17. Rad1 Rfe8 18. g3 d5 19. f3 Rd7 20. Bc2 b5 21. Rd2
d4 22. Bb3 a5 23. a4 b4 24. c4 Kh7 25. Bd1 Rb7 26. b3 Rg8 27. Rg1 Rbb8 28. Ke1
Be7 29. Rdg2 c5 30. Be2 Rg6 31. h4 Rbg8 32. Kf2 f5 33. exf5 Rxg3 34. Rxg3 Bxh4
35. Bf1 Bxg3+ 36. Rxg3 Rg5 37. Bh3 f6 38. Rg2 Kg7 39. f4 exf4 40. Kf3 h5 41.
Kxf4 Kh6 42. Ke4 h4 43. Rg4 Kh5 44. Rxg5+ Kxg5 45. Kf3 Kh5 46. Kf4 Kh6 47. Kg4
Kg7 48. Kxh4 Kh6 49. Bg4 Kg7 50. Kh5 Kh7 51. Bf3 Kg7 52. Kg4 Kh6 53. Kf4 Kg7 54.
Ke4 Kh6 55. Kd5 Kg5 56. Be4 {Black resigns} 1-0

[Event "Team 45 45 League T96"]
[Site "Internet Chess Club"]
[Date "2023.05.12"]
[Round "1"]
[White "Portola"]
[Black "elmaestro"]
[Result "1/2-1/2"]
[WhiteElo "1787"]
[BlackElo "1579"]
[Opening "Queen's pawn game, Darooha variation "]
[ECO "D02"]
[Time "17:19:22"]
[PlyCount "88"]
[TimeControl "2700+45"]

1. d4 d5 2. Nf3 Nf6 3. c3 g6 4. Bg5 Bg7 5. e3 O-O 6. Nbd2 h6 7. Bh4 Bg4 8. Qc2
Bxf3 9. Nxf3 Ne4 10. Bd3 f5 11. Bg3 Nd7 12. O-O Nxg3 13. hxg3 e5 14. dxe5 Nxe5
15. Nd4 Qd7 16. Be2 a6 17. Rad1 Qf7 18. Qb3 c6 19. Nf3 Nxf3+ 20. Bxf3 Kh7 21.
Be2 b5 22. Qc2 h5 23. b3 Qe7 24. c4 dxc4 25. bxc4 Rfd8 26. Rxd8 Rxd8 27. Rd1 Qf6
28. Rxd8 Qxd8 29. cxb5 cxb5 30. a4 Qa5 31. axb5 axb5 32. e4 Qe1+ 33. Kh2 Qxf2
34. exf5 Qxf5 35. Qxf5 gxf5 36. Bxb5 Kh6 37. Kh3 Kg5 38. Bd7 Bd4 39. Be8 Bf2 40.
Bf7 h4 41. gxh4+ Bxh4 42. Be6 f4 43. Bd5 Bg3 44. Bf3 Bf2 {Game drawn by mutual
agreement} 1/2-1/2

[Event "Team 45 45 League T96"]
[Site "Internet Chess Club"]
[Date "2023.05.10"]
[Round "1"]
[White "burlap"]
[Black "rubo"]
[Result "1-0"]
[WhiteElo "1320"]
[BlackElo "1486"]
[Opening "Queen's pawn, Mason variation"]
[ECO "D00"]
[Time "22:00:13"]
[PlyCount "79"]
[TimeControl "2700+45"]

1. d4 d5 2. Bf4 Bf5 3. e3 e6 4. Bd3 Bxd3 5. Qxd3 c6 6. Nf3 Qb6 7. O-O Nf6 8.
Nbd2 Nbd7 9. Ne5 Nxe5 10. Bxe5 c5 11. c3 c4 12. Qc2 Be7 13. Rfe1 O-O 14. e4 Rfe8
15. exd5 exd5 16. Bxf6 Bxf6 17. Rxe8+ Rxe8 18. b3 cxb3 19. axb3 a6 20. Nf3 Qe6
21. Kf1 Qe4 22. Re1 Qxe1+ 23. Nxe1 g6 24. Nf3 b5 25. c4 dxc4 26. bxc4 bxc4 27.
Qxc4 Re6 28. d5 Rd6 29. Qc5 Be7 30. Qc7 Kf8 31. Qb7 a5 32. Qb8+ Rd8 33. Qb2 f6
34. Qb5 Bb4 35. Qb7 Kg8 36. Qc6 Rd6 37. Qe8+ Kg7 38. Qe7+ Kg8 39. Nd4 Rxd5 40.
Qe6+ {Black resigns} 1-0

[Event "Team 45 45 League T96"]
[Site "Internet Chess Club"]
[Date "2023.05.14"]
[Round "1"]
[White "g8wrb"]
[Black "jcule"]
[Result "0-1"]
[WhiteElo "1269"]
[BlackElo "1362"]
[Opening "Philidor's defense"]
[ECO "C41"]
[Time "15:16:16"]
[PlyCount "38"]
[TimeControl "2700+45"]

1. e4 e5 2. Nf3 d6 3. c3 Nf6 4. Bd3 Be7 5. O-O O-O 6. Re1 Bg4 7. Re3 d5 8. exd5
Qxd5 9. Qb3 Bxf3 10. Rxf3 Qxb3 11. axb3 e4 12. Rxf6 Bxf6 13. Bxe4 Nc6 14. d4
Rfe8 15. Nd2 Bg5 16. f3 f5 17. Bd3 Re3 18. Bxf5 Re1+ 19. Kf2 Bxd2 {White
resigns} 0-1

[Event "Team 45 45 League T96"]
[Site "Internet Chess Club"]
[Date "2023.05.12"]
[Round "1"]
[White "Fulmar"]
[Black "SeniorCitizen"]
[Result "1-0"]
[WhiteElo "1232"]
[BlackElo "1227"]
[Opening "French defense"]
[ECO "C11"]
[Time "14:00:14"]
[PlyCount "107"]
[TimeControl "2700+45"]

1. e4 e6 2. d4 d5 3. Nc3 Nf6 4. exd5 Nxd5 5. Bd2 Bb4 6. Nge2 Nc6 7. Nxd5 Bxd2+
8. Qxd2 Qxd5 9. Rg1 O-O 10. g3 Qd6 11. Bg2 Qe7 12. O-O-O Nb4 13. Kb1 c6 14. Rge1
Nd5 15. Nc3 Qb4 16. Ne2 Qxd2 17. Rxd2 Rb8 18. c4 Nb6 19. b3 Bd7 20. f4 Rfd8 21.
Nc3 Be8 22. Ne4 h6 23. h4 Na8 24. a4 b6 25. Nc3 Nc7 26. Kc2 b5 27. Bf1 bxa4 28.
Nxa4 Na6 29. Ra1 Nb4+ 30. Kc3 Na6 31. Ra3 c5 32. Nxc5 Nxc5 33. dxc5 Rxd2 34.
Kxd2 Rb7 35. Bg2 Rc7 36. b4 Kf8 37. Rd3 Rd7 38. Rxd7 Bxd7 39. c6 Bc8 40. b5 Ke7
41. c5 f6 42. b6 axb6 43. cxb6 Kd6 44. b7 Bxb7 45. cxb7 Kc7 46. Ke3 g6 47. Kd4
Kb8 48. Bc6 Kc7 49. Kc5 g5 50. Bh1 gxf4 51. gxf4 e5 52. f5 h5 53. Bg2 Kb8 54.
Kd6 {Black resigns} 1-0

[Event "Team 45 45 League T96"]
[Site "Internet Chess Club"]
[Date "2023.05.14"]
[Round "1"]
[White "primerpaso"]
[Black "Signofthetimes"]
[Result "1-0"]
[WhiteElo "1786"]
[BlackElo "1524"]
[Opening "English: Caro-Kann defensive system"]
[ECO "A11"]
[Time "14:00:30"]
[PlyCount "71"]
[TimeControl "2700+45"]

1. c4 c6 2. Nc3 d5 3. cxd5 cxd5 4. d4 Nf6 5. g3 e6 6. Bg2 Nc6 7. Nf3 Bb4 8. O-O
O-O 9. Bf4 a6 10. Rc1 Bd6 11. Bxd6 Qxd6 12. Na4 b5 13. Nc5 Nd7 14. Qc2 Nxc5 15.
dxc5 Qe7 16. Rfd1 Bb7 17. h4 Rac8 18. a3 Rc7 19. b4 Rfc8 20. Ng5 g6 21. Qb2 h6
22. Nf3 f6 23. Bh3 Kf7 24. Qd2 Rh8 25. g4 g5 26. Qd3 gxh4 27. Nxh4 Ne5 28. Qd4
Rcc8 29. f4 Nc6 30. Qf2 Rcg8 31. Kh2 a5 32. Rd2 axb4 33. axb4 Nxb4 34. Rb2 Nc6
35. Rxb5 e5 36. Nf5 {Black resigns} 1-0

[Event "Team 45 45 League T96"]
[Site "Internet Chess Club"]
[Date "2023.05.12"]
[Round "1"]
[White "scostanzo212"]
[Black "jfkingiii"]
[Result "1-0"]
[WhiteElo "1566"]
[BlackElo "1458"]
[Opening "QGD: 4.Bg5 Be7, 5.e3 O-O"]
[ECO "D53"]
[Time "21:00:21"]
[PlyCount "97"]
[TimeControl "2700+45"]

1. d4 d5 2. c4 e6 3. Nc3 Nf6 4. Bg5 Be7 5. e3 O-O 6. Qc2 h6 7. Bf4 Nbd7 8. h3 c6
9. Bd3 dxc4 10. Bxc4 Nd5 11. Nxd5 exd5 12. Bd3 Qa5+ 13. Ke2 Nf6 14. Nf3 Re8 15.
Rhc1 Qd8 16. Rab1 Bd6 17. Bxd6 Qxd6 18. b4 Bd7 19. b5 Ne4 20. bxc6 Qxc6 21. Qxc6
Bxc6 22. Ne5 Rec8 23. Nxc6 Rxc6 24. Rxc6 bxc6 25. Bxe4 dxe4 26. Kd2 Kf8 27. Rb2
Re8 28. Rb7 Re7 29. Rb8+ Re8 30. Rxe8+ Kxe8 31. Kc3 Kd7 32. Kb4 Kc7 33. Kc5 f5
34. d5 cxd5 35. Kxd5 g6 36. Ke6 Kb6 37. Kf6 Kb5 38. Kxg6 Kb4 39. Kxf5 a5 40.
Kxe4 Ka3 41. f4 Kxa2 42. f5 a4 43. f6 a3 44. f7 Kb1 45. f8=Q a2 46. Qb4+ Ka1 47.
Kd3 h5 48. Kc2 h4 49. Qb2# {Black checkmated} 1-0

[Event "Team 45 45 League T96"]
[Site "Internet Chess Club"]
[Date "2023.05.13"]
[Round "1"]
[White "olivermx"]
[Black "Kingofknights"]
[Result "0-1"]
[WhiteElo "1282"]
[BlackElo "1565"]
[Opening "Caro-Kann: exchange, Rubinstein variation"]
[ECO "B13"]
[Time "14:00:24"]
[PlyCount "60"]
[TimeControl "2700+45"]

1. e4 c6 2. d4 d5 3. exd5 cxd5 4. Bd3 Nf6 5. Bf4 Nc6 6. c3 Bg4 7. Qb3 Na5 8.
Qa4+ Bd7 9. Qc2 Rc8 10. Nd2 g6 11. Ngf3 Nc6 12. a3 Bg7 13. O-O O-O 14. Rfe1 Nh5
15. Be3 Qc7 16. Qd1 f5 17. Nf1 Nf6 18. Bc1 Ne4 19. N3d2 e5 20. dxe5 Nxe5 21. Bc2
Qb6 22. Ne3 Bc6 23. Nb3 Rcd8 24. Nd4 Rfe8 25. f3 Nd6 26. Nf1 Nb5 27. Be3 Nc4 28.
Nxc6 Nxe3 29. Nxe3 bxc6 30. Qd3 f4 {White resigns} 0-1